 Dungeon Sprint DCSS version 0.17-a0-1570-g74b7129 (webtiles) character file.

37875 tt080 the Spry (level 13, -28/145 HPs)
             Began as a Deep Dwarf Gladiator on July 23, 2015.
             Was the Champion of Makhleb.
             Killed from afar by Frederick (58 damage)
             ... with a bolt of cold
             ... in the Dungeon (Sprint IX: "|||||||||||||||||||||||||||||").
             The game lasted 00:13:49 (1775 turns).

tt080 the Spry (Deep Dwarf Gladiator)               Turns: 1775, Time: 00:13:49

Health: -28/145    AC: 34    Str: 31    XL:     13   Next: 60%
Magic:  10/10      EV: 23    Int:  8    God:    Makhleb [******]
Gold:   1660       SH:  0    Dex: 17    Spells: 0 memorised, 12 levels left

rFire  . . .     SeeInvis .     T - +2 lajatang (protect)
rCold  . . .     Clarity  .     P - +0 chain mail of Bedevilment {Str+7 Slay+5} (curse)
rNeg   . . .     SustAt   .     (no shield)
rPois  +         Gourm    .     c - +0 helmet
rElec  .         Spirit   .     H - +2 cloak {rPois}
rCorr  .         Warding  .     N - +2 pair of gloves
rMut   .         NoTele   +     O - +1 pair of boots
MR     +....                    (no amulet)
Stlth  ..........               v - +2 ring of protection
                                u - +3 ring of strength

@: starving, non-regenerating, somewhat resistant to hostile enchantments,
extremely unstealthy
A: damage resistance, recharge devices, sense surroundings 2, slow healing 3
a: Device Recharging, Minor Destruction, Lesser Servant of Makhleb, Major
Destruction, Greater Servant of Makhleb, Renounce Religion


You were in the Dungeon.
You worshipped Makhleb.
Makhleb was exalted by your worship.
You were starving.

You visited 1 branch You collected 1916 gold pieces.
You spent 256 gold pieces at shops.

Inventory:

Hand weapons
 a - a +0 quarterstaff
 q - a +0 lajatang
 T - a +2 lajatang of protection (weapon)
Armour
 b - a +0 leather armour
 c - a +0 helmet (worn)
 r - a +0 pair of boots
 s - a +0 helmet
 t - a +2 ring mail
 D - a +0 pair of gloves
 F - the +6 ring mail of Loticw {rF+ rN+ Dex+3}
   (You bought it in a shop in the Dungeon)

   It affects your dexterity (+3).
   It protects you from fire.
   It protects you from negative energy.
 G - a +2 chain mail of cold resistance
 H - a +2 cloak of poison resistance (worn)
 M - a +3 chain mail
 N - a +2 pair of gloves (worn)
 O - a +1 pair of boots (worn)
 P - the cursed +0 chain mail of Bedevilment (worn) {Str+7 Slay+5}
   (You found it in the Dungeon)

   It affects your strength (+7).
   It affects your accuracy and damage with ranged weapons and melee attacks
   (+5).
   It has a curse placed upon it.
Magical staves
 p - an uncursed staff of energy
Jewellery
 h - an uncursed ring of stealth
 u - a +3 ring of strength (left hand)
 v - a +2 ring of protection (right hand)
 x - an uncursed ring of fire
 I - an uncursed ring of protection from fire
 J - an uncursed ring of poison resistance
 K - an uncursed ring of ice
 L - an uncursed ring of protection from magic
Magical devices
 e - a wand of heal wounds (0)
 o - a wand of fire (7)
Scrolls
 k - a scroll of immolation
 l - 5 scrolls of blinking
 m - 5 scrolls of remove curse
 n - 2 scrolls of amnesia
 y - 2 scrolls of fog
 z - a scroll of fear
 A - 2 scrolls of identify
 S - a scroll of recharging
Potions
 d - a potion of invisibility
 g - 6 potions of curing
 i - a potion of cure mutation
 j - 4 potions of magic
 w - a potion of resistance
 E - a potion of brilliance {unknown}
 Q - 2 potions of might
Comestibles
 f - 13 bread rations
 B - 40 fruits
 C - 12 meat rations


   Skills:
 + Level 17.5 Fighting
 - Level 14.0 Staves
 - Level 1.7 Throwing
 + Level 20.2 Armour
 + Level 20.3 Dodging


You had 12 spell levels left.
You didn't know any spells.

Dungeon Overview and Level Annotations

Branches:
Dungeon (1/1)

Altars:
Cheibriados
Dithmenos
Elyvilon
Fedhas
Gozag
Kikubaaqudgha
Makhleb
Nemelex Xobeh
Okawaru
Qazlal
Ru
Sif Muna
Trog
Vehumet
Xom
Yredelemnul
Zin
The Shining One
Beogh
Jiyva
Lugonu

Shops:
D (%[*

Annotations:
D Frederick


Innate Abilities, Weirdness & Mutations

You are resistant to damage.
You can recharge devices by infusing magical energy.
You passively map the area around you.
You do not heal naturally.


Message History

Frederick casts a spell at you. The iron shot hits you!
* * * LOW HITPOINT WARNING * * *
You barely miss Frederick.
Frederick is severely wounded.
Frederick casts a spell at you. The orb of energy hits you!
You hit Frederick.
Frederick is severely wounded.
Unknown command.
You hit Frederick.
Frederick is severely wounded.
Frederick casts a spell at you. The bolt of cold hits you!
* * * LOW HITPOINT WARNING * * *
You hit Frederick but do no damage.
Frederick is severely wounded.
Frederick casts a spell at you. The bolt of cold hits you!
You die...

▓.........'.....∩.∩)
▓.▓▓▓▓▓▓▓▓▓▓▓▓▓▓▓▓▓▓
▓..)................
▓▓▓▓▓▓▓▓▓▓▓▓▓▓▓▓▓▓▓▓
▓.........'.....†.((
▓.▓▓▓▓▓▓▓▓▓▓▓▓▓▓▓▓▓▓
▓...................
▓▓▓▓▓▓▓▓▓▓▓▓▓▓▓▓▓▓▓▓
▓8@@.........'......
▓.▓▓▓▓▓▓▓▓▓▓▓▓▓▓▓▓▓▓
▓ ,,, , ,, * * * *
,,, ,, , * * * * * ,
, , , , , , * * * *
, + , ,


You could see Frederick.

Vanquished Creatures
  Nikola (D)
  A thorn hunter (D)
  Agnes (D)
  A fire giant (D)
  A stone giant (D)
  A very ugly thing (D)
  A merfolk javelineer (D)
  5 ogre magi (D)
  A hydra (D)
  A naga warrior (D)
  2 ice dragons (D)
  An alligator snapping turtle (D)
  An alligator (D)
  A deep troll earth mage (D)
  A tengu warrior (D)
  A shock serpent (D)
  A naga sharpshooter (D)
  A swamp dragon (D)
  A deep troll (D)
  2 naga ritualists (D)
  3 sea snakes (D)
  2 hill giants (D)
  A harpy (D)
  An ugly thing (D)
  An orc knight (D)
  A cyclops (D)
  A siren (D)
  An orc sorcerer (D)
  A naga mage (D)
  Maurice (D)
  5 spiny frogs (D)
  3 black mambas (D)
  A jumping spider (D)
  A demonic crawler (D)
  3 komodo dragons (D)
  7 trolls (D)
  3 blink frogs (D)
  A two-headed ogre (D)
  A snapping turtle (D)
  4 giant leeches (D)
  A bog body (D)
  4 trapdoor spiders (D)
  A tarantella (D)
  A yak (D)
  A water elemental (D)
  A redback (D)
  Eustachio (D)
  Grum (D)
  2 wolves (D)
  3 basilisks (D)
  A vampire mosquito (D)
  A naga (D)
  A hippogriff (D)
  An insubstantial wisp (D)
  A water moccasin (D)
  13 orc warriors (D)
  4 porcupines (D)
  A boggart (D)
  2 ogres (D)
  A centaur (D)
  A spider (D)
  2 crocodiles (D)
  3 giant frogs (D)
  A wight (D)
  2 orc priests (D)
  A jelly (D)
  An orc wizard (D)
  A sheep (D)
  An ooze (D)
  2 giant geckos (D)
  9 orcs (D)
  A bat (D)
  A bat skeleton (D)
  2 bat zombies (D)
  2 giant cockroaches (D)
  A kobold (D)
  A jackal zombie (D)
  2 rats (D)
144 creatures vanquished.

Vanquished Creatures (others)
  Erica (D)
1 creature vanquished.

Grand Total: 145 creatures vanquished

Notes
Turn   | Place    | Note
--------------------------------------------------------------
     0 | D        | tt080 the Deep Dwarf Gladiator began the quest for the Orb.
     0 | D        | Reached XP level 1. HP: 19/19 MP: 1/1
    16 | D        | Reached skill level 1 in Armour
    31 | D        | Reached XP level 2. HP: 21/26 MP: 2/2
    40 | D        | Reached skill level 4 in Dodging
    57 | D        | Found a glowing silver altar of Zin.
    57 | D        | Found a glowing golden altar of the Shining One.
    57 | D        | Found an ancient bone altar of Kikubaaqudgha.
    57 | D        | Found a basalt altar of Yredelemnul.
    57 | D        | Found a shimmering altar of Xom.
    57 | D        | Found a radiant altar of Vehumet.
    58 | D        | Found an iron altar of Okawaru.
    59 | D        | Found a burning altar of Makhleb.
    60 | D        | Found a deep blue altar of Sif Muna.
    61 | D        | Found a bloodstained altar of Trog.
    62 | D        | Found a sparkling altar of Nemelex Xobeh.
    63 | D        | Found a white marble altar of Elyvilon.
    64 | D        | Found a roughly hewn altar of Beogh.
    65 | D        | Found a viscous altar of Jiyva.
    66 | D        | Found a corrupted altar of Lugonu.
    67 | D        | Became a worshipper of Makhleb the Destroyer
    68 | D        | Found a blossoming altar of Fedhas.
    69 | D        | Found a snail-covered altar of Cheibriados.
    70 | D        | Found a shadowy altar of Dithmenos.
    71 | D        | Found a stormy altar of Qazlal.
    72 | D        | Found an opulent altar of Gozag.
    73 | D        | Found a sacrificial altar of Ru.
   120 | D        | Noticed an orc warrior
   120 | D        | Noticed a giant frog
   120 | D        | Noticed an orc warrior
   120 | D        | Noticed an ogre
   120 | D        | Noticed an ogre
   126 | D        | Killed an ogre
   126 | D        | Reached skill level 5 in Staves
   126 | D        | Reached skill level 5 in Dodging
   126 | D        | Reached XP level 3. HP: 15/36 MP: 3/3
   126 | D        | Reached XP level 4. HP: 18/44 MP: 4/4
   128 | D        | Killed an ogre
   128 | D        | Acquired Makhleb's first power
   128 | D        | Reached skill level 7 in Staves
   128 | D        | Reached skill level 5 in Armour
   128 | D        | Reached XP level 5. HP: 30/51 MP: 5/5
   137 | D        | Killed an orc warrior
   137 | D        | Reached skill level 5 in Fighting
   137 | D        | Reached XP level 6. HP: 30/61 MP: 6/6
   139 | D        | Killed a giant frog
   139 | D        | Acquired Makhleb's second power
   139 | D        | Reached skill level 8 in Staves
   148 | D        | Killed an orc warrior
   155 | D        | Noticed a two-headed ogre
   155 | D        | Noticed a troll
   155 | D        | Noticed a wight
   155 | D        | Noticed a jelly
   155 | D        | Noticed a red ugly thing
   155 | D        | Noticed a yak
   163 | D        | Killed a yak
   163 | D        | Reached skill level 9 in Staves
   163 | D        | Reached XP level 7. HP: 53/70 MP: 7/7
   178 | D        | HP: 3/70 [red ugly thing (13)]
   179 | D        | Killed a red ugly thing
   179 | D        | Acquired Makhleb's third power
   179 | D        | Reached skill level 10 in Staves
   179 | D        | Reached XP level 8. HP: 24/80 MP: 8/8
   184 | D        | Killed a jelly
   189 | D        | Killed a wight
   199 | D        | Killed a troll
   199 | D        | Acquired Makhleb's fourth power
   199 | D        | Reached skill level 11 in Staves
   205 | D        | Killed a two-headed ogre
   205 | D        | Reached skill level 10 in Dodging
   318 | D        | Noticed a giant frog
   318 | D        | Noticed a komodo dragon
   318 | D        | Noticed a blink frog
   318 | D        | Noticed a basilisk
   318 | D        | Noticed a spiny frog
   318 | D        | Noticed a komodo dragon
   322 | D        | Killed a komodo dragon
   325 | D        | Killed a spiny frog
   325 | D        | Acquired Makhleb's fifth power
   325 | D        | Reached skill level 12 in Staves
   325 | D        | Reached skill level 10 in Armour
   325 | D        | Gained mutation: You passively map the area around you. [Deep Dwarf growth]
   325 | D        | Reached XP level 9. HP: 36/90 MP: 9/9
   329 | D        | Noticed a black mamba
   330 | D        | Noticed a crocodile
   334 | D        | Killed a komodo dragon
   350 | D        | Killed a basilisk
   353 | D        | Killed a giant frog
   362 | D        | Killed a blink frog
   378 | D        | Killed a black mamba
   378 | D        | Reached skill level 13 in Staves
   384 | D        | Killed a crocodile
   397 | D        | Noticed a spiny frog
   397 | D        | Noticed a porcupine
   397 | D        | Noticed a porcupine
   397 | D        | Noticed a komodo dragon
   397 | D        | Noticed a porcupine
   397 | D        | Noticed a crocodile
   402 | D        | Killed a crocodile
   403 | D        | Killed a porcupine
   404 | D        | Noticed a water moccasin
   408 | D        | Killed a komodo dragon
   409 | D        | Noticed a hippogriff
   410 | D        | Killed a porcupine
   411 | D        | Killed a porcupine
   412 | D        | Noticed a porcupine
   414 | D        | Killed a spiny frog
   414 | D        | Reached XP level 10. HP: 53/102 MP: 10/10
   419 | D        | Killed a water moccasin
   425 | D        | Killed a hippogriff
   425 | D        | Reached skill level 10 in Fighting
   426 | D        | Killed a porcupine
   434 | D        | Noticed a giant frog
   434 | D        | Noticed a blink frog
   434 | D        | Noticed a spiny frog
   434 | D        | Noticed a giant leech
   434 | D        | Noticed a giant leech
   434 | D        | Noticed a blink frog
   436 | D        | Noticed a giant leech
   439 | D        | Killed a blink frog
   440 | D        | Noticed a spiny frog
   451 | D        | Killed a giant leech
   451 | D        | Reached skill level 14 in Staves
   463 | D        | Killed a giant leech
   466 | D        | Killed a spiny frog
   469 | D        | Killed a giant frog
   503 | D        | Killed a giant leech
   509 | D        | Killed a spiny frog
   511 | D        | Killed a blink frog
   591 | D        | Noticed a wolf
   592 | D        | Noticed Grum
   593 | D        | Noticed a wolf
   597 | D        | Killed a wolf
   603 | D        | Killed Grum
   605 | D        | Killed a wolf
   656 | D        | Noticed an orc priest
   656 | D        | Noticed an orc knight
   665 | D        | Noticed an orc warrior
   673 | D        | Noticed an orc sorcerer
   674 | D        | Killed an orc knight
   683 | D        | Noticed an orc warrior
   688 | D        | Killed an orc sorcerer
   690 | D        | Killed an orc warrior
   693 | D        | Killed an orc priest
   699 | D        | Killed an orc warrior
   700 | D        | Noticed an orc wizard
   707 | D        | Killed an orc wizard
   745 | D        | Noticed an orc warrior
   745 | D        | Noticed an orc priest
   745 | D        | Noticed an orc warrior
   745 | D        | Noticed an orc warrior
   745 | D        | Noticed an orc warrior
   745 | D        | Noticed an orc warrior
   758 | D        | Killed an orc warrior
   763 | D        | Killed an orc warrior
   765 | D        | Noticed an orc warrior
   768 | D        | Noticed an orc warrior
   771 | D        | Killed an orc warrior
   776 | D        | Killed an orc warrior
   776 | D        | Reached XP level 11. HP: 111/114 MP: 11/11
   778 | D        | Killed an orc priest
   788 | D        | Killed an orc warrior
   799 | D        | Killed an orc warrior
   805 | D        | Killed an orc warrior
   825 | D        | Noticed an orc warrior
   826 | D        | Noticed an orc warrior
   829 | D        | Killed an orc warrior
   838 | D        | Killed an orc warrior
   880 | D        | Found Icityuph's General Store.
   880 | D        | Noticed a hill giant
   880 | D        | Noticed an ogre mage
   880 | D        | Noticed a deep troll
   880 | D        | Noticed an ogre mage
   880 | D        | Noticed a troll
   881 | D        | Noticed a hill giant
   883 | D        | Killed a troll
   895 | D        | Killed an ogre mage
   899 | D        | Noticed a troll
   916 | D        | Killed an ogre mage
   919 | D        | Killed a deep troll
   923 | D        | Killed a hill giant
   923 | D        | Reached skill level 15 in Dodging
   927 | D        | Killed a hill giant
   927 | D        | Reached skill level 15 in Armour
   932 | D        | Killed a troll
   936 | D        | Found Nagaut's Antique Armour Shop.
   940 | D        | Found Azeshroeph's Food Boutique.
   942 | D        | Noticed a troll
   945 | D        | Noticed an ogre mage
   945 | D        | Found Futokor's Antique Weapon Shop.
   947 | D        | Noticed a troll
   949 | D        | Noticed a troll
   955 | D        | Killed a troll
   959 | D        | Noticed an ogre mage
   964 | D        | Noticed a troll
   975 | D        | Killed a troll
   984 | D        | Killed a troll
   990 | D        | Killed an ogre mage
   999 | D        | Killed a troll
  1002 | D        | Killed an ogre mage
  1016 | D        | Bought an ichor-stained ring mail for 171 gold pieces
  1029 | D        | Bought a runed chain mail for 85 gold pieces
  1041 | D        | Identified the +6 ring mail of Loticw {rF+ rN+ Dex+3} (You bought it in a shop in the Dungeon)
  1063 | D        | Noticed Eustachio
  1074 | D        | Killed Eustachio
  1074 | D        | Reached skill level 16 in Dodging
  1125 | D        | Noticed Maurice
  1136 | D        | Killed Maurice
  1195 | D        | Got the cursed +0 chain mail of Bedevilment {Str+7 Slay+5}
  1248 | D        | Noticed a tengu warrior
  1248 | D        | Noticed a basilisk
  1248 | D        | Noticed a basilisk
  1248 | D        | Noticed a boggart
  1251 | D        | Noticed a centaur
  1251 | D        | Killed a boggart
  1252 | D        | Noticed a cyclops
  1259 | D        | Killed a basilisk
  1264 | D        | Noticed an ogre mage
  1264 | D        | Killed a basilisk
  1265 | D        | Noticed a fire giant
  1271 | D        | Noticed a deep troll earth mage
  1271 | D        | Killed a tengu warrior
  1275 | D        | Killed a centaur
  1286 | D        | Killed a fire giant
  1286 | D        | Reached XP level 12. HP: 83/128 MP: 11/11
  1290 | D        | Killed a cyclops
  1297 | D        | Killed a deep troll earth mage
  1301 | D        | Killed an ogre mage
  1301 | D        | Reached skill level 17 in Dodging
  1312 | D        | Noticed a stone giant
  1313 | D        | Noticed an ice dragon
  1313 | D        | Noticed a green very ugly thing
  1314 | D        | Noticed an ice dragon
  1327 | D        | Killed a stone giant
  1339 | D        | Killed a green very ugly thing
  1346 | D        | Killed an ice dragon
  1346 | D        | Reached skill level 15 in Fighting
  1364 | D        | Killed an ice dragon
  1406 | D        | Noticed Agnes
  1421 | D        | Killed Agnes
  1421 | D        | Reached skill level 18 in Dodging
  1442 | D        | Noticed Erica
  1444 | D        | Noticed Nikola
  1450 | D        | Killed Erica
  1452 | D        | HP: 6/132 [Nikola/chain lightning (9)]
  1474 | D        | Killed Nikola
  1511 | D        | Noticed a tarantella
  1511 | D        | Noticed a spider
  1511 | D        | Noticed a demonic crawler
  1512 | D        | Noticed a redback
  1516 | D        | Killed a demonic crawler
  1517 | D        | Killed a spider
  1518 | D        | Noticed a trapdoor spider
  1520 | D        | Noticed a jumping spider
  1522 | D        | Killed a tarantella
  1526 | D        | Killed a redback
  1533 | D        | Killed a trapdoor spider
  1538 | D        | Killed a jumping spider
  1544 | D        | Noticed a trapdoor spider
  1545 | D        | Killed a trapdoor spider
  1547 | D        | Noticed a trapdoor spider
  1550 | D        | Killed a trapdoor spider
  1553 | D        | Noticed a trapdoor spider
  1554 | D        | Killed a trapdoor spider
  1556 | D        | Noticed a naga warrior
  1556 | D        | Noticed a naga sharpshooter
  1556 | D        | Noticed a black mamba
  1556 | D        | Noticed a black mamba
  1556 | D        | Noticed a naga ritualist
  1556 | D        | Noticed a naga mage
  1559 | D        | Killed a naga mage
  1560 | D        | Noticed a naga ritualist
  1568 | D        | Killed a naga ritualist
  1568 | D        | Reached XP level 13. HP: 135/140 MP: 10/10
  1569 | D        | Noticed a shock serpent
  1573 | D        | Killed a black mamba
  1577 | D        | Killed a black mamba
  1578 | D        | Noticed a naga
  1585 | D        | Killed a naga warrior
  1590 | D        | Killed a naga sharpshooter
  1590 | D        | Reached skill level 19 in Dodging
  1595 | D        | Killed a naga ritualist
  1603 | D        | Killed a shock serpent
  1606 | D        | Killed a naga
  1614 | D        | Noticed a spiny frog
  1614 | D        | Noticed a seven-headed hydra
  1614 | D        | Noticed a swamp dragon
  1614 | D        | Noticed a bog body
  1614 | D        | Noticed an insubstantial wisp
  1614 | D        | Noticed a vampire mosquito
  1616 | D        | Killed a vampire mosquito
  1618 | D        | Noticed an alligator
  1620 | D        | Noticed a giant leech
  1624 | D        | Killed an insubstantial wisp
  1626 | D        | Killed a bog body
  1629 | D        | Noticed a thorn hunter
  1634 | D        | Killed a swamp dragon
  1638 | D        | Killed a 11-headed hydra
  1640 | D        | Killed a spiny frog
  1646 | D        | Killed an alligator
  1659 | D        | Killed a giant leech
  1665 | D        | Killed a thorn hunter
  1675 | D        | Noticed a harpy
  1675 | D        | Noticed an alligator snapping turtle
  1675 | D        | Noticed a sea snake
  1675 | D        | Noticed a sea snake
  1675 | D        | Noticed a siren
  1675 | D        | Noticed a sea snake
  1677 | D        | Killed a sea snake
  1678 | D        | Noticed a merfolk javelineer
  1680 | D        | Noticed a water elemental
  1685 | D        | Killed a siren
  1686 | D        | Noticed a snapping turtle
  1703 | D        | Killed an alligator snapping turtle
  1703 | D        | Reached skill level 20 in Dodging
  1706 | D        | Killed a sea snake
  1713 | D        | Killed a sea snake
  1717 | D        | Killed a harpy
  1726 | D        | Killed a merfolk javelineer
  1729 | D        | Killed a water elemental
  1742 | D        | Killed a snapping turtle
  1757 | D        | Noticed Frederick
  1775 | D        | Killed from afar by Frederick

Vault maps used:
D:        linesprint

Action                   |  1- 3 |  4- 6 |  7- 9 | 10-12 | 13-15 || total
-------------------------+-------+-------+-------+-------+-------++-------
Melee: Quarterstaff      |    34 |       |       |       |       ||    34
       Lajatang          |     6 |    27 |    98 |   480 |   164 ||   775
Throw: Throwing net      |     3 |       |       |       |       ||     3
 Abil: Device Recharging |       |       |       |     3 |       ||     3
Evoke: Wand              |       |       |     1 |    12 |       ||    13
  Use: Potion            |       |     2 |     5 |     6 |       ||    13
       Scroll            |       |       |       |     2 |       ||     2
  Eat: Chunk             |       |       |       |     3 |       ||     3
